 Dungeon Crawl Stone Soup version 0.27.1-33-g824d729ab1 (webtiles) character file.

Game seed: 6728590479621641199

16 spiecas the Poker (level 2, -1/23 HPs)
             Began as a Merfolk Gladiator on Dec 22, 2021.
             Slain by a goblin (6 damage)
             ... led by Robin
             ... on level 2 of the Dungeon.
             The game lasted 00:04:26 (1025 turns).

spiecas the Poker (Merfolk Gladiator)               Turns: 1025, Time: 00:04:27

Health: -1/23      AC:  4    Str: 14    XL:     2   Next: 54%
Magic:  2/2        EV: 13    Int:  7    God:
Gold:   66         SH:  0    Dex: 15    Spells: 1/1 levels left

rFire    . . .     SeeInvis .   i - +0 short sword
rCold    . . .     Faith    .   (no shield)
rNeg     . . .     Spirit   .   b - +0 leather armour
rPois    .         Reflect  .   c - +0 helmet
rElec    .         Harm     .   (no cloak)
rCorr    .         Rampage  .   (no gloves)
Will     .....                  (no boots)
Stlth    +.........             (no amulet)
HPRegen  0.07/turn              (no ring)
MPRegen  0.08/turn              (no ring)

@: no status effects
A: (nimble swimmer 2), mertail
a: no special abilities


You were on level 2 of the Dungeon.
You visited 1 branch of the dungeon, and saw 2 of its levels.

You collected 66 gold pieces.

Inventory:

Hand Weapons
 a - a +1 trident
 i - a +0 short sword (weapon)
Missiles
 d - 3 throwing nets
 f - 12 stones (quivered)
Armour
 b - a +0 leather armour (worn)
 c - a +0 helmet (worn)
 j - a +0 ring mail


   Skills:
 + Level 2.3 Fighting
 + Level 1.1 Short Blades
 + Level 4.8 Polearms
 + Level 2.0 Throwing
 - Level 0.2 Armour
 + Level 4.1 Dodging


You had one spell level left.
You didn't know any spells.
Your spell library was empty.

Dungeon Overview and Level Annotations

Branches:
Dungeon (2/15)

Altars:
Qazlal

Annotations:
D:2 Robin


Innate Abilities, Weirdness & Mutations

((You are quick and stealthy near water. (Stealth+, EV+, Speed+++)))
Your lower body shifts to a powerful aquatic tail in water.


Message History

Okay, then.
You barely miss the goblin.
The hobgoblin shouts!
The goblin misses you.
You hit the goblin.
You kill the goblin!
The hobgoblin misses you.
Robin of the Strong Arm comes into view.
They are wielding a +0 club.
Items here: ( )) †.
You closely miss the hobgoblin. The hobgoblin barely misses you.
A goblin comes into view. It is wielding a +0 club.
The goblin shouts!
You hit the hobgoblin.
The hobgoblin is almost dead.
The hobgoblin hits you but does no damage.
Robin throws the goblin at you!
You closely miss the hobgoblin.
The hobgoblin is almost dead.
The hobgoblin closely misses you.
A goblin comes into view. It is wielding a +0 club.
The goblin hits you but does no damage.
Robin roars a battlecry!
The goblins go into a battle-frenzy!
You closely miss the hobgoblin.
The hobgoblin is almost dead.
The goblin closely misses you.
You barely miss the hobgoblin.
The hobgoblin is almost dead.
The hobgoblin hits you but does no damage.
The goblin barely misses you. Robin throws the goblin at you!
You hit the hobgoblin.
You kill the hobgoblin!
The goblin hits you with a +0 club. x2; Robin closely misses you.
The goblin hits you but does no damage. The goblin hits you with a +0 club.
* * * LOW HITPOINT WARNING * * *
Robin throws the goblin at you!
* * * LOW HITPOINT WARNING * * *
The goblin misses you. The goblin barely misses you.
The goblin hits you with a +0 club.
You die...

...# .# ##.## .# #...##
#######.# .....##
###....†.(## ......#
#......)...#
......####.....)g>#.#
#...#....#........#.#
##.#####.#......gg#.#.#
#.#.............@.....#
##.#####.#........#.###
..### #.#........#.#
..... ...........# #
..### ##........... ..#
###.......... ..#
########### ..# ###


You could see Robin and 2 goblins.

Vanquished Creatures
  A ball python (D:1)
  An endoplasm (D:1)
  A giant cockroach (D:1)
  A hobgoblin (D:2)
  2 quokkas (D:1)
  2 bats (D:1)
  A frilled lizard (D:1)
  4 goblins
  2 rats (D:1)
15 creatures vanquished.

Vanquished Creatures (others)
  3 withered plants (D:1)
3 creatures vanquished.

Grand Total: 18 creatures vanquished

Notes
Turn   | Place    | Note
-------+----------+-------------------------------------------
     0 | D:1      | spiecas the Merfolk Gladiator began the quest for the Orb.
     0 | D:1      | Reached XP level 1. HP: 16/16 MP: 1/1
   281 | D:1      | Reached XP level 2. HP: 11/22 MP: 2/2
   660 | D:1      | Found a faded altar of an unknown god.
   824 | D:1      | Reached skill level 1 in Short Blades
   956 | D:2      | Found a stormy altar of Qazlal.
  1015 | D:2      | Noticed Robin
  1025 | D:2      | Slain by a goblin

Illustrated notes

Levels and vault maps discovered:
D:1:      evilmike_arrival_plus, layout_basic,
          ebering_ecumenical_altar_petrified
D:2:      layout_loops_ring, basic_altar, uniq_robin

Skill      XL: |  1  2 |
---------------+-------+-----
Short Blades   | 1 |  1.1
Fighting       | |  2.3
Polearms       | |  4.8
Throwing       | |  2.0
Armour         | |  0.2
Dodging        | |  4.1

Action                   || total
-------------------------++-------
Melee: Trident           ||    36
       Short sword       ||    20
Throw: Stone             ||    13
  Use: Scroll            ||     5
Armor: Leather armour    ||    16
Dodge: Dodged            ||    44
